 Dungeon Crawl Stone Soup version 0.30.0-29-ga12c61a403 (webtiles) character file.

Game seed: 2401188736069657911

4956 ChadusMaximus the Blocker (level 10, -2/83 HPs)
             Began as a Formicid Fighter on June 17, 2023.
             Was an Initiate of Okawaru.
             Killed from afar by an acid dragon (22 damage)
             ... with a splash of acid
             ... on level 9 of the Dungeon.
             The game lasted 00:13:07 (8735 turns).

ChadusMaximus the Blocker (Formicid Fighter)        Turns: 8735, Time: 00:13:08

Health: -2/83      AC:  7    Str: 25    XL:     10   Next: 82%
Magic:  10/10      EV:  8    Int:  8    God:    Okawaru [......]
Gold:   474        SH:  6    Dex: 13    Spells: 9/9 levels left

rFire   + + .        q - +4 battleaxe (vamp)
rCold   . . .        c - +0 buckler
rNeg    . . .        F - +3 chain mail {rF+}
rPois   .            (helmet unavailable)
rElec   .            (no cloak)
rCorr   .            (no gloves)
SInv    +            n - +0 pair of boots
Will    +....        (no amulet) Stlth
                     o - ring of protection from fire
HPRegen 0.33/turn    (no ring)
MPRegen 0.12/turn

%: no passive effects
@: corroded, studying Armour
A: permanent stasis, dig shafts and tunnels, antennae 3, four strong arms
a: Dig, Shaft Self, Renounce Religion


You were on level 9 of the Dungeon.
You worshipped Okawaru.
Okawaru was noncommittal.
You visited 2 branches of the dungeon, and saw 11 of its levels.
You also visited: Ossuary.

You collected 474 gold pieces.

Inventory:

Hand Weapons
 a - a +0 war axe
 e - a +1 flail of protection
 q - a +4 vampiric battleaxe (weapon)
 v - a +2 war axe of electrocution
Missiles
 M - 2 boomerangs
Armour
 c - a +0 buckler (worn)
 n - a +0 pair of boots (worn)
 s - a +0 plate armour
 F - a +3 chain mail of fire resistance (worn)
Jewellery
 g - a ring of magical power
 o - a ring of protection from fire (left hand)
 p - an amulet of faith
Wands
 w - a wand of mindburst (31)
 G - a wand of iceblast (12)
 J - a wand of paralysis (11)
Scrolls
 b - 2 scrolls of poison
 j - 6 scrolls of immolation
 k - 3 scrolls of fear
 l - 2 scrolls of brand weapon
 m - a scroll of amnesia
 t - 2 scrolls of fog
 y - 4 scrolls of blinking
 z - a scroll of butterflies
 D - 3 scrolls of teleportation
 I - a scroll of silence
 K - a scroll of vulnerability
Potions
 d - a potion of might
 f - 7 potions of curing
 h - 2 potions of attraction
 i - 3 potions of invisibility {unknown}
 r - 4 potions of mutation {unknown}
 u - 4 potions of heal wounds {unknown}
 x - a potion of berserk rage {unknown}
 A - 3 potions of flight {unknown}
 B - a potion of experience {unknown}
 C - a potion of lignification {unknown}
 E - 2 potions of degeneration {unknown}
 H - a potion of ambrosia {unknown}
 L - a potion of haste {unknown}
 N - a potion of cancellation {unknown}


   Skills:
 + Level 9.0 Fighting
 + Level 7.8 Axes
 + Level 9.0 Armour
 + Level 10.7 Shields
 * Level 1.2 Invocations


You had 9 spell levels left.
You didn't know any spells.
Your spell library contained the following spells:

 Spells                   Type           Power      Damage    Failure   Level
 Foxfire                  Conj/Fire      0%         2x1d4     91%         1
 Kiss of Death            Conj/Necr      0%         2d5       91%         1
 Sandblast                Erth           0%         2d4       91%         1
 Cigotuvi's Dreadful Rot  Necr/Pois/Air  0%         N/A       97%         2
 Passwall                 Tmut/Erth      0%         N/A       97%         2
 Confusing Touch          Hex            0%         N/A       99%         3
 Dazzling Flash           Conj/Hex       0%         N/A       99%         3
 Ignite Poison            Fire/Tmut/Pois 0%         N/A       99%         3
 Portal Projectile        Hex/Tloc       0%         N/A       99%         3
 Stone Arrow              Conj/Erth      0%         3d7       99%         3
 Dispel Undead            Necr           0%         3d6       100%        4
 Agony                    Necr           0%         N/A       100%        5
 Blade Hands              Tmut           0%         N/A       100%        5
 Fireball                 Conj/Fire      0%         3d3       100%        5
 Freezing Cloud           Conj/Ice/Air   0%         6-21      100%        5
 Silence                  Hex/Air        0%         N/A       100%        5
 Plasma Beam              Fire/Air       0%         2x1d11    100%        6
 Starburst                Conj/Fire      0%         6d3       100%        6
 Tukima's Dance           Hex            Unusable   N/A       N/A         3

Dungeon Overview and Level Annotations

Branches:
Dungeon (10/15)            Temple (1/1) D:5         Ossuary (visited)
   Lair: D:8-11         Orc: D:9-12

Altars:
Ashenzari
Cheibriados
Dithmenos
Elyvilon
Fedhas
Gozag
Kikubaaqudgha
Makhleb
Okawaru
Qazlal
Ru
Sif Muna
Trog
Uskayaw
Vehumet
Wu Jian
Yredelemnul
Zin
The Shining One

Shops:
D:2 ?   D:4 *   D:5 ?   D:6 ?

Annotations:
D:3 3 runed translucent doors, Nicoed's ghost, amateur MiFi; maro1969's ghost, amateur MiHu; zxspectator's ghost, amateur FoFi
D:4 3 runed translucent doors, klichko's ghost, amateur GnWn
D:7 exclusion: statue
D:8 Gastronok; Maurice


Innate Abilities, Weirdness & Mutations

You cannot be hasted, slowed, berserked, paralysed or teleported.
You can dig through walls and to a lower floor.
You have a pair of large antennae on your head. (SInv)
Your four strong arms can wield two-handed weapons with a shield.


Message History

Maurice throws a stone.
The stone hits you but does no damage.
You hit Gastronok.
Gastronok is moderately wounded.
Maurice casts a spell.
Maurice blinks!
Gastronok waves his eye-stalks in wide circles.
The air twists around and strikes you!!!
Unknown command.
Okay, then.
Are you sure you want to shaft yourself?
Gastronok bites you!
* * * LOW HITPOINT WARNING * * *
You begin to dig a shaft.
You continue digging a shaft.
A shaft appears beneath you!
You fall into a shaft and drop 1 floor!
The shaft crumbles and collapses.
You start resting.
You sense a monster nearby.
You start resting.
An acid dragon comes into view.
The acid dragon roars!
The acid dragon spits acid at you. The splash of acid hits you!
The acid corrodes you! The acid dragon spits acid at you.
The splash of acid hits you!!
* * * LOW HITPOINT WARNING * * *
The acid corrodes you!
You hit the acid dragon but do no damage.
The acid dragon bites you.
* * * LOW HITPOINT WARNING * * *
The acid dragon claws you.
* * * LOW HITPOINT WARNING * * *
The acid dragon bites you!
* * * LOW HITPOINT WARNING * * *
The acid dragon claws you but does no damage.
Unknown command.
You feel better. The acid dragon spits acid at you.
The splash of acid hits you!!
You die...

#.#......+ ....
#.#..##### .....
##.#'#########.....
#..................
##...........##..#
###.#....#..$...#
###..#.#......##
#######..######..#...
#..#@D...#..###[.#...
#........>[.#...###).
##..#...........)..).
######..#...........
#.##...#.......
#####..####.... ####
#.... ##... ##..


You could see an acid dragon (catching breath).

Vanquished Creatures
  A kobold demonologist (D:9)
  Psyche (D:8)
  A komodo dragon (D:9)
  A shadow (D:10)
  A yak (D:9)
  Grum (D:8)
  3 steam dragons
  4 water moccasins
  Edmund (D:6)
  2 orc warriors
  2 ice beasts (D:7)
  2 sky beasts
  3 wolves
  An ogre (D:7)
  2 centaurs
  3 bullfrogs
  5 scorpions
  A killer bee (D:9)
  A howler monkey (D:6)
  5 hounds
  7 jellies
  3 orc priests
  3 sleepcaps
  A gnoll bouda (D:7)
  10 orc wizards
  3 mummies (Ossuary)
  15 gnolls
  10 adders
  A river rat (D:6)
  A shadow imp (D:5)
  A white imp (D:6)
  2 adder zombies (Ossuary)
  2 worms
  2 dart slugs
  24 orcs
  11 ball pythons
  3 bats
  9 endoplasms
  9 giant cockroaches
  3 goblins
  9 hobgoblins
  7 jackals (D:2)
  5 kobolds
  2 quokkas
  3 goblin zombies (Ossuary)
  A hobgoblin zombie (Ossuary)
  2 kobold zombies (Ossuary)
  6 quokka zombies (Ossuary)
  3 rats
  6 rat zombies
205 creatures vanquished.

Vanquished Creatures (others)
  An orc (D:9)
1 creature vanquished.

Grand Total: 206 creatures vanquished

Notes
Turn   | Place    | Note
-------+----------+-------------------------------------------
     0 | D:1      | ChadusMaximus the Formicid Fighter began the quest for the
                  | Orb.
     0 | D:1      | Reached XP level 1. HP: 18/18 MP: 1/1
   201 | D:1      | Reached XP level 2. HP: 23/24 MP: 2/2
   765 | D:2      | Reached XP level 3. HP: 29/29 MP: 3/3
   858 | D:2      | Found Axugyir's Magic Scroll Shoppe.
   941 | D:2      | Reached XP level 4. HP: 13/37 MP: 4/4
  1368 | D:2      | Reached XP level 5. HP: 14/42 MP: 5/5
  1906 | D:3      | Reached skill level 5 in Shields
  2036 | D:3      | Found a faded altar of an unknown god.
  2080 | D:3      | Found a runed translucent gate.
  2080 | D:3      | Found a runed translucent gate.
  2080 | D:3      | Found a runed translucent gate.
  2081 | D:3      | Noticed maro1969's ghost (amateur MiHu)
  2081 | D:3      | Noticed Nicoed's ghost (amateur MiFi)
  2081 | D:3      | Noticed zxspectator's ghost (amateur FoFi)
  2795 | D:4      | Reached XP level 6. HP: 44/49 MP: 6/6
  3295 | D:4      | Found Gozag's Platinum Reserve.
  3295 | D:4      | Found an opulent altar of Gozag.
  3300 | D:4      | Reached XP level 7. HP: 54/55 MP: 7/7
  3360 | D:4      | Reached skill level 5 in Armour
  3549 | D:4      | Found a runed translucent gate.
  3549 | D:4      | Found a runed translucent gate.
  3549 | D:4      | Found a runed translucent gate.
  3550 | D:4      | Noticed klichko's ghost (amateur GnWn)
  3832 | D:5      | Entered Level 5 of the Dungeon
  3832 | D:5      | Found a sand-covered staircase.
  3840 | Ossuary  | Entered an ossuary
  3845 | Ossuary  | Reached skill level 6 in Shields
  3848 | Ossuary  | Reached skill level 5 in Fighting
  4439 | D:5      | Reached XP level 8. HP: 62/63 MP: 8/8
  4556 | D:5      | Found Odghejua's Magic Scroll Shoppe.
  4605 | D:5      | Found a staircase to the Ecumenical Temple.
  4617 | D:5      | Reached skill level 7 in Shields
  4630 | Temple   | Entered the Ecumenical Temple
  5244 | D:6      | Noticed Edmund
  5251 | D:6      | Killed Edmund
  5252 | D:6      | Reached skill level 5 in Axes
  5392 | D:6      | You fall into a shaft and drop 3 floors!
  5608 | D:8      | Noticed Psyche
  5613 | D:8      | Killed Psyche
  5614 | D:8      | Reached XP level 9. HP: 56/71 MP: 9/9
  5615 | D:8      | Reached skill level 8 in Shields
  5669 | D:8      | Noticed Maurice
  5701 | D:8      | Noticed Gastronok
  5703 | D:9      | Noticed a boulder beetle
  5723 | D:8      | Noticed Grum
  5736 | D:8      | You fall into a shaft and drop 2 floors!
  5736 | D:10     | Entered Level 10 of the Dungeon
  5946 | D:10     | Found a hide-covered altar of Uskayaw.
  5992 | D:10     | Found a bloodstained altar of Trog.
  6056 | D:10     | Noticed a kobold demonologist
  6056 | D:10     | Noticed a two-headed ogre
  6065 | D:10     | Noticed an orange demon
  6066 | D:9      | Noticed a kobold demonologist
  6081 | D:9      | Killed a kobold demonologist
  6252 | D:9      | Reached skill level 9 in Shields
  6277 | D:9      | Noticed a komodo dragon
  6296 | D:9      | HP: 2/73 [komodo dragon (18)]
  6297 | D:9      | Killed a komodo dragon
  6298 | D:9      | Reached XP level 10. HP: 2/80 MP: 10/10
  6721 | D:8      | Killed Grum
  6722 | D:8      | Reached skill level 10 in Shields
  7542 | D:6      | Found Asienure's Magic Scroll Boutique.
  7975 | D:7      | Found a radiant altar of Vehumet.
  7977 | D:7      | Identified a scroll of acquirement
  7980 | D:7      | Acquired a +4 vampiric battleaxe
  8202 | D:7      | Identified the +3 trident "Noyje" {holy, rPois rC+}
  8206 | D:7      | Found an iron altar of Okawaru.
  8218 | D:7      | Became a worshipper of Warmaster Okawaru
  8260 | D:7      | Found a shimmering blue altar of Sif Muna.
  8477 | D:8      | Reached skill level 1 in Invocations
  8533 | D:8      | Acquired a manual of Armour
  8629 | D:8      | You fall into a shaft and drop 1 floor!
  8735 | D:9      | Killed from afar by an acid dragon

Illustrated notes

Levels and vault maps discovered:
D:1:      spicycebolla_green_bress_n_ham_2, layout_basic
D:2:      layout_loops_ring, serial_shops, shop, nicolae_underground_beach
D:3:      layout_basic, hellmonk_ecumenical_altar_arch_garden,
          gammafunk_ghost_cemetery, hangedman_glass_teeth
D:4:      minmay_inner_zag, layout_cave_pools, nicolae_gozag_zags_fifth_avenue,
          ebering_ghost_rock_garden, minmay_diced_spiral
D:5:      layout_loops_cross, minmay_temple_entry_junction, enter_ossuary_3,
          serial_shops, nicolae_shop_peninsula, minmay_misc_feat_pillars
D:6:      layout_basic, gup_sewer_entry_bubbles, serial_shops,
          nicolae_shop_peninsula, uniq_edmund
D:7:      layout_rooms, vehumet_statue, mainiacjoe_overflow_six_doors_small,
          okawaru_gym_becter, grunt_decor_mini_mirrors, minmay_bent
D:8:      layout_basic, enter_bailey_8, uniq_psyche, uniq_grum, uniq_maurice,
          uniq_gastronok
D:9:      layout_cave_pools, lemuel_crystal_altar, nemelex_spade_bored_becter,
          xom_shifter_show, due_lair_maze_entry_diamond, billiards_dpeg
D:10:     layout_loops_ring, eat_drink_and_be_merry_uskayaw,
          nicolae_overflow_crystal_walls, minmay_hedge_maze,
          minmay_parallelograms, lightli_elemental_guards
Temple:   nicolae_temple_bog_church

Skill      XL: |  1  2  3  4  5  6  7  8  9 10 |
---------------+-------------------------------+-----
Armour         | 4 5 6 8 9 |  9.0
Fighting       | 4 5 6 7 9 |  9.0
Axes           | 3 4 5 6 7 |  7.8
Shields        | 5 6 7 9 10 | 10.7
Invocations    | 1 |  1.2

Action                     |  1- 3 |  4- 6 |  7- 9 | 10-12 || total
---------------------------+-------+-------+-------+-------++-------
  Melee: War axe           |    66 |   128 |   223 |    77 ||   494
         Battleaxe         |       |       |       |    56 ||    56
Ability: Shaft Self        |       |       |     2 |     1 ||     3
    Use: Scroll            |       |       |     6 |     8 ||    14
         Potion            |       |       |     4 |     1 ||     5
 Armour: Scale mail        |    40 |    25 |       |       ||    65
         Chain mail        |       |    53 |    54 |    65 ||   172
         Plate armour      |       |     3 |    77 |       ||    80
  Dodge: Dodged            |    39 |    55 |    81 |    57 ||   232
  Block: Buckler           |    24 |    39 |    82 |    45 ||   190
